Atomiques vs Rafales
Created - 30 octobre 2016 at 19:05
Goals
|
| Atomiques |
1 |
1 |
0 |
2 |
| Rafales |
1 |
2 |
1 |
4 |
|
Shots
|
| Atomiques |
12 |
14 |
7 |
33 |
| Rafales |
13 |
19 |
9 |
41 |
|
1st period
1. Atomiques , Alex Berry 1 (Roman Polak) at 17:39
2. Rafales , Cody McLeod 4 (Mike Zigomanis, Matt Gilroy) at 18:44
Penalties :
Mike Sislo (Stf) for Cross-checking (Minor) at 2:43, Davis Drewiske (STB) for Holding Stick (Minor) at 5:13, Mac Bennett (STB) for High sticking (Minor) at 9:34, Bobby Farnham (STB) for Hooking (Minor) at 11:59
2nd period
3. Rafales , Michael Bournival 1 (Johan Ryno) at 7:10
4. Atomiques , Ryan Shannon 5 (Tyler Brenner, Kyle Wharton) at 8:22
5. Rafales , Matt Gilroy 1 (Dan Fritsche) at 13:19 (PP)
Penalties :
Jonathan Rheault (Stf) for Hooking (Minor) at 0:34, Davis Drewiske (STB) for Roughing (Minor) at 12:28, Mac Bennett (STB) for Roughing (Minor) at 19:35
3rd period
6. Rafales , Jonathan Rheault 1 (Dan Fritsche, Nathan Davis) at 2:38
Penalties :
Matt Gilroy (Stf) for Hooking (Minor) at 4:21, Mike Sislo (Stf) for Hooking (Minor) at 9:21, Milan Bartovic (Stf) for Head-butting (Major / Game Misconduct) at 14:20
Goalie Stats
Sergei Bobrovsky (STB), 37 saves from 41 shots - (0,902), L, 2-1-0, 60:00 minutes
John Gibson (Stf), 31 saves from 33 shots - (0,939), W, 1-1-0, 60:00 minutes
Players Stats for Atomiques
Player Name G A P +/- PIM S H SB GA TA FO MP PP MP PK MP
------------------------------------------------------------------------------------
Alex Berry 1 0 1 0 0 2 2 0 0 1 0/0 17:06 5:13 0:00
Alexander Sulzer 0 0 0 -1 0 3 2 6 2 1 0/0 33:28 7:39 5:51
Andrew Kozek 0 0 0 0 0 1 2 1 0 0 0/0 17:25 5:13 0:19
Bobby Farnham 0 0 0 -1 2 1 0 0 0 0 1/1 10:08 0:00 0:00
Brett Sutter 0 0 0 0 0 1 0 0 0 0 1/4 9:34 1:07 2:53
Davis Drewiske 0 0 0 0 4 2 0 3 1 3 0/0 23:23 5:30 3:32
John McCarthy 0 0 0 -1 0 3 0 0 0 0 0/0 9:56 0:00 0:00
Kenndal McArdle 0 0 0 0 0 3 3 0 0 2 0/3 23:28 6:31 5:35
Kyle Wharton 0 1 1 1 0 3 1 0 0 0 0/0 19:38 4:53 2:56
Mac Bennett 0 0 0 -1 4 0 0 1 0 0 0/0 11:11 1:04 0:33
Marc-André Cliche 0 0 0 -1 0 1 1 0 0 1 0/2 9:36 0:07 0:00
Mike Halmo 0 0 0 0 0 0 0 0 0 0 0/0 6:12 1:11 0:00
Mitch Callahan 0 0 0 0 0 0 0 0 1 0 0/0 6:10 1:09 0:00
Roman Polak 0 1 1 0 0 1 2 1 0 0 0/0 15:06 4:09 0:17
Ryan Shannon 1 0 1 0 0 4 0 1 0 1 0/1 20:21 6:33 2:53
Sean Couturier 0 0 0 0 0 1 2 0 0 0 6/13 17:22 5:10 0:19
Shawn Belle 0 0 0 -1 0 2 0 1 2 2 0/0 17:36 2:35 4:25
Tyler Brenner 0 1 1 0 0 5 1 0 0 0 14/45 23:28 6:31 5:35
Players Stats for Rafales
Player Name G A P +/- PIM S H SB GA TA FO MP PP MP PK MP
------------------------------------------------------------------------------------
Bruno Gervais 0 0 0 1 0 1 1 1 6 1 0/0 28:54 4:21 7:45
Cody McLeod 1 0 1 0 0 6 2 1 0 1 3/3 25:23 5:51 7:32
Dan Fritsche 0 2 2 1 0 2 2 0 0 3 7/12 16:09 2:55 1:27
Jeff Skinner 0 0 0 -1 0 0 0 0 1 0 0/1 13:26 2:55 1:39
Johan Ryno 0 1 1 1 0 1 0 0 0 0 0/0 5:59 0:01 0:00
Jonas Junland 0 0 0 -1 0 2 0 1 0 0 0/0 21:48 4:26 4:36
Jonathan Rheault 1 0 1 1 2 4 0 1 2 0 0/0 11:51 0:00 0:00
Kevin Veilleux 0 0 0 1 0 0 0 0 0 0 0/0 5:36 0:00 0:00
Marc-André Gragnani 0 0 0 1 0 0 0 0 0 0 0/0 10:05 0:00 1:09
Mark Fayne 0 0 0 1 0 0 0 1 0 0 0/0 9:18 0:00 0:34
Matt Gilroy 1 1 2 -1 2 4 2 0 0 0 0/0 21:13 4:26 3:55
Michael Bournival 1 0 1 1 0 5 0 0 1 0 1/1 9:00 2:55 0:07
Mike Sislo 0 0 0 1 4 6 2 0 0 0 0/0 14:26 0:01 2:15
Mike Zigomanis 0 1 1 0 0 5 0 1 0 0 30/44 25:24 5:51 7:38
Milan Bartovic 0 0 0 0 15 4 3 0 0 0 2/3 19:32 5:51 2:09
Nathan Davis 0 1 1 -1 0 1 1 0 0 0 3/4 8:47 0:01 0:09
Tim Crowder 0 0 0 -1 0 0 1 0 1 1 1/1 11:21 0:00 2:54
Willie Mitchell 0 0 0 1 0 0 0 1 0 0 0/0 28:48 4:21 7:51
3 Stars
1 - Dan Fritsche (Stf)
2 - Cody McLeod (Stf)
3 - Alex Berry (STB)
Power Play
Atomiques - 0 on 5 Attempt(s) - 0,00%
Rafales - 1 on 5 Attempt(s) - 20,00%
Penalty Kill
Atomiques - 4 on 5 Attempt(s) - 80,00%
- Score 0 goal in Penalty Kill
Rafales - 5 on 5 Attempt(s) - 100,00%
- Score 0 goal in Penalty Kill
Team Stat
Atomiques - Hits : 16 - Faceoff Wins : 22 - Blocked Shots : 14 - Penalty Minutes : 10
Rafales - Hits : 14 - Faceoff Wins : 47 - Blocked Shots : 7 - Penalty Minutes : 23
Official
Referees : Pochmara Brian and Walkom Stephen
Linesman : Tony Sericolo and Michel Cormier
Game Notes
Shawn Belle is injured at 14:02 of 2nd period (Back Spasms)
Milan Bartovic ejected from game at 14:20 of 3rd period
Finance
Level 1 -- Attendance: 1554 (77,70%) -- Ticket Income 54 390 $
Level 2 -- Attendance: 710 (71,00%) -- Ticket Income 10 650 $
Total Attendance: 2264 (75,47%)
Total Ticket Income: 65 040 $
Other Income: 3 252 $
Total Income: 68 292 $
Atomiques
5 vs 5 Forward
Center Left Wing Right Wing Time % Phy DF OF
1 Tyler Brenner Kenndal McArdle Ryan Shannon 40 1 2 2
2 Sean Couturier Andrew Kozek Alex Berry 30 1 2 2
3 Marc-André Cliche John McCarthy Bobby Farnham 20 1 2 2
4 Brett Sutter Mike Halmo Mitch Callahan 10 1 2 2
5 vs 5 Defense
Defense Defense Time % Phy DF OF
1 Alexander Sulzer Shawn Belle 40 1 2 2
2 Davis Drewiske Kyle Wharton 30 1 2 2
3 Roman Polak Alexander Sulzer 20 1 2 2
4 Mac Bennett Shawn Belle 10 1 2 2
PowerPlay Forward
Center Left Wing Right Wing Time % Phy DF OF
1 Tyler Brenner Kenndal McArdle Ryan Shannon 60 1 2 2
2 Sean Couturier Andrew Kozek Alex Berry 40 1 2 2
PowerPlay Defense
Defense Defense Time % Phy DF OF
1 Alexander Sulzer Shawn Belle 60 1 2 2
2 Davis Drewiske Kyle Wharton 40 1 2 2
Penalty Kill 4 Players Forward
Center Wing Time % Phy DF OF
1 Tyler Brenner Kenndal McArdle 60 1 2 2
2 Ryan Shannon Brett Sutter 40 1 2 2
Penalty Kill 4 Players Defense
Defense Defense Time % Phy DF OF
1 Alexander Sulzer Shawn Belle 60 1 2 2
2 Davis Drewiske Kyle Wharton 40 1 2 2
Penalty Kill - 3 Players Forward
Forward Time % Phy DF OF
1 Tyler Brenner 60 1 2 2
2 Kenndal McArdle 40 1 2 2
Penalty Kill - 3 Players Defense
Defense Defense Time % Phy DF OF
1 Alexander Sulzer Shawn Belle 60 1 2 2
2 Davis Drewiske Kyle Wharton 40 1 2 2
4 vs 4 Forward
Center Wing Time % Phy DF OF
1 Tyler Brenner Kenndal McArdle 60 1 2 2
2 Ryan Shannon Brett Sutter 40 1 2 2
4 vs 4 Defense
Defense Defense Time % Phy DF OF
1 Alexander Sulzer Shawn Belle 60 1 2 2
2 Davis Drewiske Kyle Wharton 40 1 2 2
Last Minutes Offensive
Center Left Wing Right Wing Defense Defense
Tyler Brenner Kenndal McArdle Ryan Shannon Alexander Sulzer Shawn Belle
Last Minutes Defensive
Center Left Wing Right Wing Defense Defense
Tyler Brenner Kenndal McArdle Ryan Shannon Alexander Sulzer Shawn Belle
Goaltenders
Starting : Sergei Bobrovsky
Backup : Jeremy Smith
Extra Forwards
Normal : Kenndal McArdle, Tyler Brenner, Ryan Shannon - PP : Kenndal McArdle, Tyler Brenner - PK : Tyler Brenner
Extra Defensemen
Normal : Roman Polak, Alexander Sulzer, Mac Bennett - PP : Roman Polak - PK : Shawn Belle, Mac Bennett
Penalty Shots
Tyler Brenner, Kenndal McArdle, Ryan Shannon, Brett Sutter, Marc-André Cliche
Rafales
5 vs 5 Forward
Center Left Wing Right Wing Time % Phy DF OF
1 Mike Zigomanis Cody McLeod Milan Bartovic 40 1 0 4
2 Dan Fritsche Mike Sislo Jonathan Rheault 30 0 1 4
3 Nathan Davis Jeff Skinner Tim Crowder 20 1 1 3
4 Kevin Veilleux Michael Bournival Johan Ryno 10 2 1 2
5 vs 5 Defense
Defense Defense Time % Phy DF OF
1 Willie Mitchell Bruno Gervais 40 1 2 2
2 Matt Gilroy Jonas Junland 30 1 2 2
3 Marc-André Gragnani Mark Fayne 20 1 2 2
4 Willie Mitchell Bruno Gervais 10 1 2 2
PowerPlay Forward
Center Left Wing Right Wing Time % Phy DF OF
1 Mike Zigomanis Cody McLeod Milan Bartovic 60 1 0 4
2 Dan Fritsche Michael Bournival Jeff Skinner 40 1 0 4
PowerPlay Defense
Defense Defense Time % Phy DF OF
1 Willie Mitchell Bruno Gervais 60 1 0 4
2 Matt Gilroy Jonas Junland 40 1 0 4
Penalty Kill 4 Players Forward
Center Wing Time % Phy DF OF
1 Mike Zigomanis Cody McLeod 60 1 3 1
2 Milan Bartovic Mike Sislo 40 1 3 1
Penalty Kill 4 Players Defense
Defense Defense Time % Phy DF OF
1 Willie Mitchell Bruno Gervais 60 2 3 0
2 Matt Gilroy Jonas Junland 40 2 3 0
Penalty Kill - 3 Players Forward
Forward Time % Phy DF OF
1 Mike Zigomanis 60 1 4 0
2 Cody McLeod 40 1 4 0
Penalty Kill - 3 Players Defense
Defense Defense Time % Phy DF OF
1 Willie Mitchell Bruno Gervais 60 2 3 0
2 Matt Gilroy Jonas Junland 40 2 3 0
4 vs 4 Forward
Center Wing Time % Phy DF OF
1 Mike Zigomanis Cody McLeod 60 1 1 3
2 Milan Bartovic Jeff Skinner 40 1 1 3
4 vs 4 Defense
Defense Defense Time % Phy DF OF
1 Willie Mitchell Bruno Gervais 60 1 3 1
2 Matt Gilroy Jonas Junland 40 1 3 1
Last Minutes Offensive
Center Left Wing Right Wing Defense Defense
Mike Zigomanis Cody McLeod Milan Bartovic Matt Gilroy Bruno Gervais
Last Minutes Defensive
Center Left Wing Right Wing Defense Defense
Mike Zigomanis Cody McLeod Milan Bartovic Marc-André Gragnani Willie Mitchell
Goaltenders
Starting : John Gibson
Backup : Philipp Grubauer
Extra Forwards
Normal : Jeff Skinner, Mike Zigomanis, Michael Bournival - PP : Jeff Skinner, Nathan Davis - PK : Tim Crowder
Extra Defensemen
Normal : Bruno Gervais, Mark Fayne, Matt Gilroy - PP : Marc-André Gragnani - PK : Willie Mitchell, Matt Gilroy
Penalty Shots
Mike Zigomanis, Cody McLeod, Milan Bartovic, Tim Crowder, Jeff Skinner
% Time on Ice - Atomiques
Lines # - Real PCT - Wanted PCT - Time Play
Normal Forward
1 - 31% - 40% - 11:51
2 - 31% - 30% - 11:59
3 - 25% - 20% - 9:28
4 - 13% - 10% - 5:00
Normal Defense
1 - 40% - 40% - 15:25
2 - 29% - 30% - 11:06
3 - 10% - 20% - 3:56
4 - 20% - 10% - 7:51
PP Forward
1 - 58% - 60% - 7:28
2 - 42% - 40% - 5:27
PP Defense
1 - 69% - 60% - 8:56
2 - 31% - 40% - 3:59
PK Forward
1 - 67% - 60% - 5:54
2 - 33% - 40% - 2:53
PK Defense
1 - 70% - 60% - 6:08
2 - 30% - 40% - 2:39
PK3 Forward
1 - 0% - 60%
2 - 0% - 40%
PK3 Defense
1 - 0% - 60%
2 - 0% - 40%
44 Forward
1 - 0% - 60%
2 - 0% - 40%
44 Defense
1 - 0% - 60%
2 - 0% - 40%
Last Minute Offensive - 0:00
Last Minute Defensive - 0:00
Total
Forward - 60:00
Defense - 60:00
|
% Time on Ice - Rafales
Lines # - Real PCT - Wanted PCT - Time Play
Normal Forward
1 - 32% - 40% - 12:06
2 - 32% - 30% - 12:09
3 - 22% - 20% - 8:27
4 - 15% - 10% - 5:36
Normal Defense
1 - 41% - 40% - 15:42
2 - 33% - 30% - 12:46
3 - 23% - 20% - 8:44
4 - 3% - 10% - 1:06
PP Forward
1 - 67% - 60% - 5:51
2 - 33% - 40% - 2:56
PP Defense
1 - 50% - 60% - 4:21
2 - 50% - 40% - 4:26
PK Forward
1 - 71% - 60% - 9:08
2 - 29% - 40% - 3:47
PK Defense
1 - 64% - 60% - 8:19
2 - 36% - 40% - 4:36
PK3 Forward
1 - 0% - 60%
2 - 0% - 40%
PK3 Defense
1 - 0% - 60%
2 - 0% - 40%
44 Forward
1 - 0% - 60%
2 - 0% - 40%
44 Defense
1 - 0% - 60%
2 - 0% - 40%
Last Minute Offensive - 0:00
Last Minute Defensive - 0:00
Total
Forward - 60:00
Defense - 60:00
|
Play by Play
1st period
0:01 of 1st period - Mike Zigomanis wins face-off versus Tyler Brenner in neutral zone.
0:33 of 1st period - Wrist shot by Sean Couturier.
0:33 of 1st period - Stopped by John Gibson without a rebound.
0:34 of 1st period - Nathan Davis wins face-off versus Marc-André Cliche in Rafales zone.
0:49 of 1st period - Wrist shot by John McCarthy.
0:49 of 1st period - Stopped by John Gibson with a rebound.
2:12 of 1st period - Off-side.
2:13 of 1st period - Tyler Brenner wins face-off versus Mike Zigomanis in neutral zone.
2:19 of 1st period - Slapshot by Ryan Shannon.
2:19 of 1st period - Stopped by John Gibson with a rebound.
2:21 of 1st period - Snap shot by Tyler Brenner.
2:21 of 1st period - Stopped by John Gibson without a rebound.
2:22 of 1st period - Mike Zigomanis wins face-off versus Tyler Brenner in Rafales zone.
2:40 of 1st period - Snap shot by Tyler Brenner.
2:40 of 1st period - Deflect By Kenndal McArdle.
2:40 of 1st period - Deflect By Willie Mitchell.
2:40 of 1st period - Shot Misses the Net.
2:40 of 1st period - Puck is out of play.
2:41 of 1st period - Dan Fritsche wins face-off versus Sean Couturier in Rafales zone.
2:43 of 1st period - Minor Penalty to Mike Sislo for Cross-checking.
2:44 of 1st period - Mike Zigomanis wins face-off versus Tyler Brenner in Rafales zone.
2:54 of 1st period - Snap shot by Ryan Shannon.
2:54 of 1st period - Shot Misses the Net.
2:56 of 1st period - Slapshot by Shawn Belle.
2:56 of 1st period - Stopped by John Gibson without a rebound.
2:57 of 1st period - Mike Zigomanis wins face-off versus Tyler Brenner in Rafales zone.
3:25 of 1st period - Off-side.
3:26 of 1st period - Sean Couturier wins face-off versus Milan Bartovic in neutral zone.
4:30 of 1st period - Cody McLeod is hit by Kenndal McArdle and loses puck.
4:43 of 1st period - Penalty to Mike Sislo is over, Mike Sislo is back on ice.
5:13 of 1st period - Minor Penalty to Davis Drewiske for Holding Stick.
5:14 of 1st period - Tyler Brenner wins face-off versus Dan Fritsche in Atomiques zone.
5:24 of 1st period - Snap shot by Michael Bournival.
5:24 of 1st period - Stopped by Sergei Bobrovsky without a rebound.
5:25 of 1st period - Milan Bartovic wins face-off versus Kenndal McArdle in Atomiques zone.
5:26 of 1st period - Slapshot by Mike Zigomanis.
5:26 of 1st period - Shot Blocked by Shawn Belle.
5:28 of 1st period - Snap shot by Milan Bartovic.
5:28 of 1st period - Stopped by Sergei Bobrovsky without a rebound.
5:29 of 1st period - Mike Zigomanis wins face-off versus Tyler Brenner in Atomiques zone.
6:36 of 1st period - Icing by Jonas Junland.
6:37 of 1st period - Mike Zigomanis wins face-off versus Ryan Shannon in Rafales zone.
6:42 of 1st period - Snap shot by Cody McLeod.
6:42 of 1st period - Shot Misses the Net.
6:44 of 1st period - Wrist shot by Mike Zigomanis.
6:44 of 1st period - Shot Misses the Net.
6:46 of 1st period - Backhand shot by Milan Bartovic.
6:46 of 1st period - Stopped by Sergei Bobrovsky with a rebound.
6:48 of 1st period - Slapshot by Milan Bartovic.
6:48 of 1st period - Shot Misses the Net.
6:50 of 1st period - Slapshot by Jonas Junland.
6:50 of 1st period - Shot Hit the Post.
6:52 of 1st period - Snap shot by Mike Zigomanis.
6:52 of 1st period - Shot Blocked by Alexander Sulzer.
7:04 of 1st period - Snap shot by Mike Zigomanis.
7:04 of 1st period - Stopped by Sergei Bobrovsky with a rebound.
7:06 of 1st period - Slapshot by Jonas Junland.
7:06 of 1st period - Stopped by Sergei Bobrovsky with a rebound.
7:13 of 1st period - Penalty to Davis Drewiske is over, Davis Drewiske is back on ice.
7:30 of 1st period - Snap shot by Mike Zigomanis.
7:30 of 1st period - Shot Hit the Post.
7:32 of 1st period - Slapshot by Cody McLeod.
7:32 of 1st period - Stopped by Sergei Bobrovsky without a rebound.
7:33 of 1st period - Sean Couturier wins face-off versus Dan Fritsche in Atomiques zone.
8:42 of 1st period - Icing by Roman Polak.
8:43 of 1st period - Sean Couturier wins face-off versus Dan Fritsche in Atomiques zone.
8:52 of 1st period - Snap shot by Mike Sislo.
8:52 of 1st period - Stopped by Sergei Bobrovsky without a rebound.
8:53 of 1st period - Tyler Brenner wins face-off versus Dan Fritsche in Atomiques zone.
9:34 of 1st period - Minor Penalty to Mac Bennett for High sticking.
9:35 of 1st period - Tyler Brenner wins face-off versus Mike Zigomanis in Atomiques zone.
10:10 of 1st period - Wrist shot by Jeff Skinner.
10:10 of 1st period - Shot Misses the Net.
11:34 of 1st period - Penalty to Mac Bennett is over, Mac Bennett is back on ice.
11:43 of 1st period - Wrist shot by Mike Sislo.
11:43 of 1st period - Deflect By Johan Ryno.
11:43 of 1st period - Shot Misses the Net.
11:43 of 1st period - Puck is out of play.
11:44 of 1st period - Dan Fritsche wins face-off versus Marc-André Cliche in Atomiques zone.
11:45 of 1st period - Slapshot by Jonathan Rheault.
11:45 of 1st period - Shot Hit the Post.
11:59 of 1st period - Minor Penalty to Bobby Farnham for Hooking.
12:00 of 1st period - Tyler Brenner wins face-off versus Mike Zigomanis in Atomiques zone.
12:00 of 1st period - Tyler Brenner is hit by Milan Bartovic.
12:57 of 1st period - Slapshot by Michael Bournival.
12:57 of 1st period - Stopped by Sergei Bobrovsky without a rebound.
12:58 of 1st period - Dan Fritsche wins face-off versus Tyler Brenner in Atomiques zone.
13:59 of 1st period - Penalty to Bobby Farnham is over, Bobby Farnham is back on ice.
14:05 of 1st period - Wrist shot by Kenndal McArdle.
14:05 of 1st period - Shot Blocked by Jonathan Rheault.
14:07 of 1st period - Snap shot by Kenndal McArdle.
14:07 of 1st period - Stopped by John Gibson with a rebound.
14:09 of 1st period - Snap shot by Tyler Brenner.
14:09 of 1st period - Shot Misses the Net.
14:11 of 1st period - Slapshot by Bobby Farnham.
14:11 of 1st period - Stopped by John Gibson without a rebound.
14:12 of 1st period - Sean Couturier wins face-off versus Jeff Skinner in Rafales zone.
14:21 of 1st period - Slapshot by Sean Couturier.
14:21 of 1st period - Shot Misses the Net.
14:23 of 1st period - Slapshot by Davis Drewiske.
14:23 of 1st period - Stopped by John Gibson with a rebound.
15:14 of 1st period - Mike Zigomanis is hit by Sean Couturier and loses puck.
15:59 of 1st period - Mike Sislo is hit by Marc-André Cliche and loses puck.
16:35 of 1st period - Wrist shot by Milan Bartovic.
16:35 of 1st period - Deflect By Mike Zigomanis.
16:35 of 1st period - Stopped by Sergei Bobrovsky without a rebound.
16:36 of 1st period - Mike Zigomanis wins face-off versus Sean Couturier in Atomiques zone.
16:43 of 1st period - Snap shot by Milan Bartovic.
16:43 of 1st period - Shot Misses the Net.
16:58 of 1st period - Jonas Junland is hit by Alexander Sulzer and loses puck.
17:13 of 1st period - Milan Bartovic is hit by Roman Polak and loses puck.
17:20 of 1st period - Slapshot by Alexander Sulzer.
17:20 of 1st period - Shot Blocked by Jonas Junland.
17:22 of 1st period - Snap shot by Alexander Sulzer.
17:22 of 1st period - Stopped by John Gibson with a rebound.
17:39 of 1st period - Snap shot by Alex Berry.
17:39 of 1st period - Goal by Alex Berry - Atomiques : 1 - Rafales : 0.
17:40 of 1st period - Dan Fritsche wins face-off versus Tyler Brenner in neutral zone.
17:53 of 1st period - Wrist shot by Tyler Brenner.
17:53 of 1st period - Shot Misses the Net.
17:55 of 1st period - Wrist shot by Davis Drewiske.
17:55 of 1st period - Stopped by John Gibson without a rebound.
17:56 of 1st period - Nathan Davis wins face-off versus Tyler Brenner in Rafales zone.
18:05 of 1st period - Jeff Skinner is hit by Kenndal McArdle and loses puck.
18:25 of 1st period - Alexander Sulzer is hit by Dan Fritsche and loses puck.
18:40 of 1st period - Snap shot by Cody McLeod.
18:40 of 1st period - Stopped by Sergei Bobrovsky with a rebound.
18:42 of 1st period - Snap shot by Mike Zigomanis.
18:42 of 1st period - Stopped by Sergei Bobrovsky with a rebound.
18:44 of 1st period - Slapshot by Cody McLeod.
18:44 of 1st period - Goal by Cody McLeod - Atomiques : 1 - Rafales : 1.
18:45 of 1st period - Mike Zigomanis wins face-off versus Tyler Brenner in neutral zone.
19:40 of 1st period - Wrist shot by Marc-André Cliche.
19:40 of 1st period - Shot Misses the Net.
19:42 of 1st period - Wrist shot by Kyle Wharton.
19:42 of 1st period - Stopped by John Gibson without a rebound.
19:43 of 1st period - Mike Zigomanis wins face-off versus Tyler Brenner in Rafales zone.
19:52 of 1st period - Slapshot by Milan Bartovic.
19:52 of 1st period - Stopped by Sergei Bobrovsky without a rebound.
19:53 of 1st period - Mike Zigomanis wins face-off versus Tyler Brenner in Atomiques zone.
Goals for this period are 1 for Atomiques vs 1 for Rafales.
Shots for this period are 12 for Atomiques vs 13 for Rafales.
2nd period
0:01 of 2nd period - Cody McLeod wins face-off versus Tyler Brenner in neutral zone.
0:26 of 2nd period - Jonathan Rheault is hit by Alex Berry and loses puck.
0:34 of 2nd period - Minor Penalty to Jonathan Rheault for Hooking.
0:35 of 2nd period - Tyler Brenner wins face-off versus Mike Zigomanis in Rafales zone.
1:04 of 2nd period - Willie Mitchell is hit by Sean Couturier and loses puck.
2:07 of 2nd period - Snap shot by Jeff Skinner.
2:07 of 2nd period - Deflect By Tim Crowder.
2:07 of 2nd period - Shot Misses the Net.
2:07 of 2nd period - Puck is out of play.
2:08 of 2nd period - Mike Zigomanis wins face-off versus Tyler Brenner in Atomiques zone.
2:34 of 2nd period - Penalty to Jonathan Rheault is over, Jonathan Rheault is back on ice.
2:49 of 2nd period - Wrist shot by Jonathan Rheault.
2:49 of 2nd period - Shot Misses the Net.
3:18 of 2nd period - Slapshot by Shawn Belle.
3:18 of 2nd period - Shot Misses the Net.
3:28 of 2nd period - Alex Berry is hit by Mike Sislo and loses puck.
3:57 of 2nd period - Davis Drewiske is hit by Bruno Gervais and loses puck.
4:18 of 2nd period - Snap shot by John McCarthy.
4:18 of 2nd period - Stopped by John Gibson with a rebound.
4:20 of 2nd period - Slapshot by Kyle Wharton.
4:20 of 2nd period - Stopped by John Gibson with a rebound.
5:02 of 2nd period - Slapshot by John McCarthy.
5:02 of 2nd period - Stopped by John Gibson without a rebound.
5:03 of 2nd period - Mike Zigomanis wins face-off versus Kenndal McArdle in Rafales zone.
6:12 of 2nd period - Slapshot by Shawn Belle.
6:12 of 2nd period - Stopped by John Gibson with a rebound.
6:14 of 2nd period - Snap shot by Brett Sutter.
6:14 of 2nd period - Stopped by John Gibson without a rebound.
6:15 of 2nd period - Brett Sutter wins face-off versus Mike Zigomanis in Rafales zone.
7:08 of 2nd period - Snap shot by Michael Bournival.
7:08 of 2nd period - Shot Blocked by Mac Bennett.
7:10 of 2nd period - Snap shot by Michael Bournival.
7:10 of 2nd period - Goal by Michael Bournival - Atomiques : 1 - Rafales : 2.
7:11 of 2nd period - Tyler Brenner wins face-off versus Mike Zigomanis in neutral zone.
7:46 of 2nd period - Snap shot by Jonathan Rheault.
7:46 of 2nd period - Stopped by Sergei Bobrovsky with a rebound.
8:22 of 2nd period - Snap shot by Ryan Shannon.
8:22 of 2nd period - Goal by Ryan Shannon - Atomiques : 2 - Rafales : 2.
8:23 of 2nd period - Mike Zigomanis wins face-off versus Tyler Brenner in neutral zone.
8:28 of 2nd period - Slapshot by Cody McLeod.
8:28 of 2nd period - Stopped by Sergei Bobrovsky with a rebound.
8:48 of 2nd period - Slapshot by Nathan Davis.
8:48 of 2nd period - Stopped by Sergei Bobrovsky with a rebound.
8:54 of 2nd period - Slapshot by Davis Drewiske.
8:54 of 2nd period - Shot Misses the Net.
8:56 of 2nd period - Slapshot by Tyler Brenner.
8:56 of 2nd period - Stopped by John Gibson with a rebound.
8:58 of 2nd period - Slapshot by Ryan Shannon.
8:58 of 2nd period - Stopped by John Gibson without a rebound.
8:59 of 2nd period - Mike Zigomanis wins face-off versus Sean Couturier in Rafales zone.
9:04 of 2nd period - Alex Berry is hit by Cody McLeod and loses puck.
9:51 of 2nd period - Snap shot by Jonathan Rheault.
9:51 of 2nd period - Shot Blocked by Davis Drewiske.
9:53 of 2nd period - Slapshot by Jonathan Rheault.
9:53 of 2nd period - Stopped by Sergei Bobrovsky with a rebound.
9:59 of 2nd period - Snap shot by Mike Sislo.
9:59 of 2nd period - Shot Misses the Net.
10:01 of 2nd period - Wrist shot by Mike Sislo.
10:01 of 2nd period - Stopped by Sergei Bobrovsky without a rebound.
10:02 of 2nd period - Tyler Brenner wins face-off versus Nathan Davis in Atomiques zone.
10:09 of 2nd period - Wrist shot by Kenndal McArdle.
10:09 of 2nd period - Shot Misses the Net.
11:01 of 2nd period - Snap shot by Michael Bournival.
11:01 of 2nd period - Deflect By John McCarthy.
11:01 of 2nd period - Stopped by Sergei Bobrovsky with a rebound.
11:03 of 2nd period - Wrist shot by Michael Bournival.
11:03 of 2nd period - Stopped by Sergei Bobrovsky with a rebound.
11:13 of 2nd period - Snap shot by Jeff Skinner.
11:13 of 2nd period - Shot Misses the Net.
11:17 of 2nd period - Backhand shot by Jeff Skinner.
11:17 of 2nd period - Shot Blocked by Alexander Sulzer.
11:19 of 2nd period - Slapshot by Matt Gilroy.
11:19 of 2nd period - Stopped by Sergei Bobrovsky with a rebound.
11:21 of 2nd period - Slapshot by Jonas Junland.
11:21 of 2nd period - Stopped by Sergei Bobrovsky without a rebound.
11:22 of 2nd period - Tyler Brenner wins face-off versus Mike Zigomanis in Atomiques zone.
11:36 of 2nd period - Wrist shot by Milan Bartovic.
11:36 of 2nd period - Stopped by Sergei Bobrovsky without a rebound.
11:37 of 2nd period - Tyler Brenner wins face-off versus Mike Zigomanis in Atomiques zone.
11:42 of 2nd period - Snap shot by Alexander Sulzer.
11:42 of 2nd period - Stopped by John Gibson without a rebound.
11:43 of 2nd period - Milan Bartovic wins face-off versus Tyler Brenner in Rafales zone.
11:58 of 2nd period - Wrist shot by Ryan Shannon.
11:58 of 2nd period - Shot Misses the Net.
12:21 of 2nd period - Snap shot by Dan Fritsche.
12:21 of 2nd period - Deflect By Jonathan Rheault.
12:21 of 2nd period - Shot Misses the Net.
12:21 of 2nd period - Puck is out of play.
12:22 of 2nd period - Mike Zigomanis wins face-off versus Tyler Brenner in Atomiques zone.
12:28 of 2nd period - Minor Penalty to Davis Drewiske for Roughing.
12:29 of 2nd period - Tyler Brenner wins face-off versus Mike Zigomanis in Atomiques zone.
13:03 of 2nd period - Slapshot by Bruno Gervais.
13:03 of 2nd period - Stopped by Sergei Bobrovsky without a rebound.
13:04 of 2nd period - Michael Bournival wins face-off versus Brett Sutter in Atomiques zone.
13:19 of 2nd period - Slapshot by Matt Gilroy.
13:19 of 2nd period - Goal by Matt Gilroy - Atomiques : 2 - Rafales : 3.
13:20 of 2nd period - Mike Zigomanis wins face-off versus Tyler Brenner in neutral zone.
13:31 of 2nd period - Slapshot by Ryan Shannon.
13:31 of 2nd period - Deflect By Tyler Brenner.
13:31 of 2nd period - Stopped by John Gibson with a rebound.
13:35 of 2nd period - Slapshot by Ryan Shannon.
13:35 of 2nd period - Stopped by John Gibson without a rebound.
13:36 of 2nd period - Dan Fritsche wins face-off versus Sean Couturier in Rafales zone.
13:55 of 2nd period - Willie Mitchell is hit by Andrew Kozek.
14:01 of 2nd period - Shawn Belle is hit by Mike Sislo and loses puck.
14:02 of 2nd period - Shawn Belle from Atomiques is injured at 14:02 of 2nd period (Back Spasms).
14:03 of 2nd period - Mike Zigomanis wins face-off versus Tyler Brenner in Atomiques zone.
14:04 of 2nd period - Slapshot by Cody McLeod.
14:04 of 2nd period - Shot Blocked by Alexander Sulzer.
14:30 of 2nd period - Icing by Alexander Sulzer.
14:31 of 2nd period - Dan Fritsche wins face-off versus Sean Couturier in Atomiques zone.
14:32 of 2nd period - Slapshot by Mike Sislo.
14:32 of 2nd period - Stopped by Sergei Bobrovsky with a rebound.
14:34 of 2nd period - Wrist shot by Mike Sislo.
14:34 of 2nd period - Shot Misses the Net.
14:38 of 2nd period - Wrist shot by Jonathan Rheault.
14:38 of 2nd period - Stopped by Sergei Bobrovsky with a rebound.
14:40 of 2nd period - Wrist shot by Dan Fritsche.
14:40 of 2nd period - Stopped by Sergei Bobrovsky with a rebound.
14:42 of 2nd period - Snap shot by Mike Sislo.
14:42 of 2nd period - Shot Misses the Net.
14:44 of 2nd period - Slapshot by Mike Sislo.
14:44 of 2nd period - Stopped by Sergei Bobrovsky with a rebound.
14:46 of 2nd period - Slapshot by Jonas Junland.
14:46 of 2nd period - Shot Blocked by Alexander Sulzer.
14:48 of 2nd period - Slapshot by Jonas Junland.
14:48 of 2nd period - Deflect By Dan Fritsche.
14:48 of 2nd period - Stopped by Sergei Bobrovsky with a rebound.
14:50 of 2nd period - Slapshot by Jonas Junland.
14:50 of 2nd period - Shot Misses the Net.
14:52 of 2nd period - Wrist shot by Mike Sislo.
14:52 of 2nd period - Shot Misses the Net.
14:54 of 2nd period - Wrist shot by Mike Sislo.
14:54 of 2nd period - Stopped by Sergei Bobrovsky with a rebound.
15:04 of 2nd period - Snap shot by Alex Berry.
15:04 of 2nd period - Shot Misses the Net.
15:06 of 2nd period - Slapshot by Alexander Sulzer.
15:06 of 2nd period - Deflect By Willie Mitchell.
15:06 of 2nd period - Stopped by John Gibson with a rebound.
15:36 of 2nd period - Snap shot by Mike Sislo.
15:36 of 2nd period - Shot Misses the Net.
15:41 of 2nd period - Off-side.
15:42 of 2nd period - Tyler Brenner wins face-off versus Mike Zigomanis in neutral zone.
15:47 of 2nd period - Wrist shot by Tyler Brenner.
15:47 of 2nd period - Deflect By Kenndal McArdle.
15:47 of 2nd period - Stopped by John Gibson with a rebound.
15:49 of 2nd period - Snap shot by Davis Drewiske.
15:49 of 2nd period - Shot Blocked by Mike Zigomanis.
15:51 of 2nd period - Backhand shot by Kyle Wharton.
15:51 of 2nd period - Shot Misses the Net.
15:53 of 2nd period - Slapshot by Kyle Wharton.
15:53 of 2nd period - Stopped by John Gibson without a rebound.
15:54 of 2nd period - Mike Zigomanis wins face-off versus Tyler Brenner in Rafales zone.
16:19 of 2nd period - Bobby Farnham is hit by Nathan Davis and loses puck.
16:32 of 2nd period - Wrist shot by Nathan Davis.
16:32 of 2nd period - Shot Blocked by Alexander Sulzer.
17:28 of 2nd period - Davis Drewiske is hit by Dan Fritsche and loses puck.
17:51 of 2nd period - Snap shot by Marc-André Cliche.
17:51 of 2nd period - Shot Blocked by Mark Fayne.
18:05 of 2nd period - Kyle Wharton is hit by Milan Bartovic and loses puck.
19:24 of 2nd period - Mac Bennett is hit by Milan Bartovic and loses puck.
19:35 of 2nd period - Minor Penalty to Mac Bennett for Roughing.
19:36 of 2nd period - Mike Zigomanis wins face-off versus Tyler Brenner in Atomiques zone.
19:44 of 2nd period - Snap shot by Mike Zigomanis.
19:44 of 2nd period - Deflect By Milan Bartovic.
19:44 of 2nd period - Shot Misses the Net.
19:44 of 2nd period - Puck is out of play.
19:45 of 2nd period - Mike Zigomanis wins face-off versus Tyler Brenner in Atomiques zone.
Goals for this period are 1 for Atomiques vs 2 for Rafales.
Shots for this period are 14 for Atomiques vs 19 for Rafales.
3rd period
0:01 of 3rd period - Cody McLeod wins face-off versus Tyler Brenner in neutral zone.
0:04 of 3rd period - Slapshot by Cody McLeod.
0:04 of 3rd period - Shot Misses the Net.
0:50 of 3rd period - Off-side.
0:51 of 3rd period - Dan Fritsche wins face-off versus Tyler Brenner in neutral zone.
1:09 of 3rd period - Davis Drewiske is hit by Matt Gilroy and loses puck.
1:35 of 3rd period - Penalty to Mac Bennett is over, Mac Bennett is back on ice.
2:15 of 3rd period - Jeff Skinner is hit by Roman Polak and loses puck.
2:38 of 3rd period - Wrist shot by Jonathan Rheault.
2:38 of 3rd period - Goal by Jonathan Rheault - Atomiques : 2 - Rafales : 4.
2:39 of 3rd period - Tyler Brenner wins face-off versus Mike Zigomanis in neutral zone.
2:46 of 3rd period - Snap shot by Kenndal McArdle.
2:46 of 3rd period - Stopped by John Gibson with a rebound.
3:53 of 3rd period - Wrist shot by Cody McLeod.
3:53 of 3rd period - Shot Blocked by Roman Polak.
4:21 of 3rd period - Minor Penalty to Matt Gilroy for Hooking.
4:22 of 3rd period - Mike Zigomanis wins face-off versus Tyler Brenner in Rafales zone.
4:33 of 3rd period - Wrist shot by Cody McLeod.
4:33 of 3rd period - Shot Blocked by Davis Drewiske.
4:35 of 3rd period - Backhand shot by Cody McLeod.
4:35 of 3rd period - Stopped by Sergei Bobrovsky without a rebound.
4:36 of 3rd period - Mike Zigomanis wins face-off versus Kenndal McArdle in Atomiques zone.
5:04 of 3rd period - Icing by Davis Drewiske.
5:05 of 3rd period - Sean Couturier wins face-off versus Mike Zigomanis in Atomiques zone.
5:54 of 3rd period - Snap shot by Alex Berry.
5:54 of 3rd period - Stopped by John Gibson without a rebound.
5:55 of 3rd period - Mike Zigomanis wins face-off versus Tyler Brenner in Rafales zone.
6:02 of 3rd period - Snap shot by Ryan Shannon.
6:02 of 3rd period - Shot Blocked by Cody McLeod.
6:20 of 3rd period - Marc-André Gragnani is hit by Andrew Kozek and loses puck.
6:21 of 3rd period - Penalty to Matt Gilroy is over, Matt Gilroy is back on ice.
7:09 of 3rd period - Kyle Wharton is hit by Tim Crowder.
8:23 of 3rd period - Wrist shot by Marc-André Cliche.
8:23 of 3rd period - Stopped by John Gibson with a rebound.
8:29 of 3rd period - Wrist shot by Marc-André Cliche.
8:29 of 3rd period - Shot Misses the Net.
8:54 of 3rd period - Slapshot by Matt Gilroy.
8:54 of 3rd period - Stopped by Sergei Bobrovsky without a rebound.
8:55 of 3rd period - Mike Zigomanis wins face-off versus Sean Couturier in Atomiques zone.
8:56 of 3rd period - Snap shot by Cody McLeod.
8:56 of 3rd period - Stopped by Sergei Bobrovsky with a rebound.
8:58 of 3rd period - Slapshot by Jonas Junland.
8:58 of 3rd period - Shot Blocked by Andrew Kozek.
9:00 of 3rd period - Snap shot by Cody McLeod.
9:00 of 3rd period - Shot Misses the Net.
9:02 of 3rd period - Snap shot by Mike Zigomanis.
9:02 of 3rd period - Stopped by Sergei Bobrovsky with a rebound.
9:21 of 3rd period - Minor Penalty to Mike Sislo for Hooking.
9:22 of 3rd period - Mike Zigomanis wins face-off versus Tyler Brenner in Rafales zone.
9:27 of 3rd period - Icing by Ryan Shannon.
9:28 of 3rd period - Mike Zigomanis wins face-off versus Tyler Brenner in Atomiques zone.
9:29 of 3rd period - Slapshot by Cody McLeod.
9:29 of 3rd period - Shot Blocked by Ryan Shannon.
9:41 of 3rd period - Backhand shot by Tyler Brenner.
9:41 of 3rd period - Stopped by John Gibson without a rebound.
9:42 of 3rd period - Mike Zigomanis wins face-off versus Tyler Brenner in Rafales zone.
9:53 of 3rd period - Cody McLeod is hit by Alexander Sulzer and loses puck.
10:56 of 3rd period - Bruno Gervais is hit by Tyler Brenner and loses puck.
11:21 of 3rd period - Penalty to Mike Sislo is over, Mike Sislo is back on ice.
11:55 of 3rd period - Wrist shot by Mike Sislo.
11:55 of 3rd period - Shot Blocked by Davis Drewiske.
11:57 of 3rd period - Slapshot by Mike Sislo.
11:57 of 3rd period - Shot Misses the Net.
11:59 of 3rd period - Slapshot by Mike Sislo.
11:59 of 3rd period - Stopped by Sergei Bobrovsky with a rebound.
12:01 of 3rd period - Slapshot by Matt Gilroy.
12:01 of 3rd period - Stopped by Sergei Bobrovsky without a rebound.
12:02 of 3rd period - Nathan Davis wins face-off versus Brett Sutter in Atomiques zone.
12:37 of 3rd period - Cody McLeod is hit by Kyle Wharton and loses puck.
12:49 of 3rd period - Off-side.
12:50 of 3rd period - Sean Couturier wins face-off versus Dan Fritsche in neutral zone.
13:03 of 3rd period - Jonathan Rheault is hit by Alex Berry and loses puck.
13:49 of 3rd period - Snap shot by Jonathan Rheault.
13:49 of 3rd period - Shot Blocked by Alexander Sulzer.
13:57 of 3rd period - Backhand shot by Andrew Kozek.
13:57 of 3rd period - Stopped by John Gibson without a rebound.
13:58 of 3rd period - Mike Zigomanis wins face-off versus Tyler Brenner in Rafales zone.
14:05 of 3rd period - Bruno Gervais is hit by Kenndal McArdle and loses puck.
14:20 of 3rd period - Major / Game Misconduct Penalty to Milan Bartovic for Head-butting.
14:20 of 3rd period - Milan Bartovic is ejected from game.
14:21 of 3rd period - Mike Zigomanis wins face-off versus Tyler Brenner in Rafales zone.
14:36 of 3rd period - Snap shot by Cody McLeod.
14:36 of 3rd period - Deflect By Ryan Shannon.
14:36 of 3rd period - Shot Misses the Net.
14:36 of 3rd period - Puck is out of play.
14:37 of 3rd period - Tyler Brenner wins face-off versus Mike Zigomanis in Atomiques zone.
14:45 of 3rd period - Icing by Kenndal McArdle.
14:46 of 3rd period - Mike Zigomanis wins face-off versus Tyler Brenner in Atomiques zone.
15:23 of 3rd period - Wrist shot by Tyler Brenner.
15:23 of 3rd period - Shot Blocked by Willie Mitchell.
15:25 of 3rd period - Snap shot by Tyler Brenner.
15:25 of 3rd period - Shot Blocked by Bruno Gervais.
15:27 of 3rd period - Slapshot by Roman Polak.
15:27 of 3rd period - Shot Misses the Net.
15:29 of 3rd period - Slapshot by Roman Polak.
15:29 of 3rd period - Shot Misses the Net.
15:37 of 3rd period - Slapshot by Tyler Brenner.
15:37 of 3rd period - Deflect By Cody McLeod.
15:37 of 3rd period - Stopped by John Gibson with a rebound.
15:39 of 3rd period - Slapshot by Roman Polak.
15:39 of 3rd period - Deflect By Cody McLeod.
15:39 of 3rd period - Stopped by John Gibson without a rebound.
15:40 of 3rd period - Tim Crowder wins face-off versus Sean Couturier in Rafales zone.
17:21 of 3rd period - Snap shot by Alexander Sulzer.
17:21 of 3rd period - Shot Misses the Net.
17:23 of 3rd period - Wrist shot by Brett Sutter.
17:23 of 3rd period - Shot Misses the Net.
17:33 of 3rd period - Tyler Brenner is hit by Matt Gilroy and loses puck.
19:20 of 3rd period - Penalty to Milan Bartovic is over, Johan Ryno is send on ice.
19:25 of 3rd period - Wrist shot by Johan Ryno.
19:25 of 3rd period - Stopped by Sergei Bobrovsky without a rebound.
19:26 of 3rd period - Cody McLeod wins face-off versus Brett Sutter in Atomiques zone.
19:27 of 3rd period - Snap shot by Mike Zigomanis.
19:27 of 3rd period - Stopped by Sergei Bobrovsky without a rebound.
19:28 of 3rd period - Bobby Farnham wins face-off versus Mike Zigomanis in Atomiques zone.
19:37 of 3rd period - Brett Sutter is hit by Cody McLeod and loses puck.
Goals for this period are 0 for Atomiques vs 1 for Rafales.
Shots for this period are 7 for Atomiques vs 9 for Rafales.
Back to the Top